 Dungeon Crawl Stone Soup version 0.30.0-29-ga12c61a403 (webtiles) character file.

Game seed: 5961755479908127614

42 qw the Chopper (level 3, -1/23 HPs)
             Began as a Gargoyle Fighter on June 3, 2023.
             Slain by Natasha (3 damage)
             ... on level 2 of the Dungeon.
             The game lasted 00:00:42 (1045 turns).

qw the Chopper (Gargoyle Fighter)                   Turns: 1045, Time: 00:00:43

Health: -1/23      AC: 12    Str: 21    XL:     3   Next: 54%
Magic:  3/3        EV:  7    Int:  8    God:
Gold:   62         SH:  4    Dex:  9    Spells: 2/2 levels left

rFire   . . .        Y - +0 war axe
rCold   . . .        c - +0 buckler
rNeg    + . .        h - +0 chain mail
rPois   inf          (no helmet)
rElec   +            (no cloak)
rCorr   .            (no gloves)
SInv    .            (no boots)
Will    .....        (no amulet) Stlth
                     (no ring)
HPRegen 0.23/turn    (no ring)
MPRegen 0.08/turn

%: no passive effects
@: about to teleport
A: sickness immunity, AC +3, negative energy resistance 1, electricity
resistance, torment resistance 1, petrification resistance
a: no special abilities


You were on level 2 of the Dungeon.
You visited 1 branch of the dungeon, and saw 2 of its levels.

You collected 62 gold pieces.


Innate Abilities, Weirdness & Mutations

You are immune to sickness and miasma.
Your stone body is resilient. (AC +3)
You are immune to poison.
You resist negative energy. (rN+)
You are resistant to electric shocks. (rElec)
You are resistant to unholy torment.
You are immune to petrification.


   Skills:
 - Level 3.2 Fighting
 + Level 3.4 Axes
 - Level 3.2 Armour
 - Level 3.2 Shields


You had 2 spell levels left.
You didn't know any spells.
Your spell library was empty.

Inventory:

Hand Weapons
 g - a +0 club
 Y - a +0 war axe (weapon)
Armour
 c - a +0 buckler (worn)
 f - a +0 pair of gloves
 h - a +0 chain mail (worn)
Scrolls
 a - a scroll of teleportation
 b - 2 scrolls of identify {unknown}
 e - a scroll of noise {unknown}
 i - a scroll of enchant armour {unknown}
 j - a scroll of silence {unknown}
 l - a scroll of brand weapon {unknown}
Potions
 d - a potion of might
 k - a potion of magic {unknown}

Dungeon Overview and Level Annotations

Branches:
Dungeon (2/15)

Altars:

Annotations:
D:2 Natasha


Message History

l - a scroll labelled NOJESA QOAQAJ
Enter note:
Enter note:
Enter note: Natasha, Servant of Life and Death comes into view.
Enter note:
Enter note:
Enter note:
Enter note:
Enter note:
Enter note: A dart slug comes into view.
Natasha stares at you and mumbles some strange words.
The magic dart hits you.
Enter note:
Enter note:
Enter note: A goblin comes into view. It is wielding a +0 club.
Natasha casts a spell at you.
The magic dart hits you but does no damage.
The goblin moves out of view.
You closely miss Natasha.
Natasha mumbles some strange words.
You closely miss Natasha.
You hit the cerulean imp but do no damage.
Natasha claws you but does no damage. The cerulean imp barely misses you.
You barely miss Natasha.
You hit the cerulean imp but do no damage.
Natasha stares at you and mumbles some strange words.
The magic dart hits you.
The cerulean imp hits you with a +2 spear.
Natasha claws you!
1044 ||| READING 2 scrolls of teleportation.
As you read the scroll of teleportation, it crumbles to dust.
You feel strangely unstable. The cerulean imp barely misses you.
Natasha claws you but does no damage.
You barely miss Natasha. You hit the cerulean imp. You slash the dart slug!
The cerulean imp hits you but does no damage.
Natasha claws you.
You die...

...... #.###
##.# ##.# .. .
#..# .. #.##
... #.# ....
#.#
.....#######.#
.....gw5..#..#
......h@....##
.############


You could see Natasha, a cerulean imp (summoned), a dart slug and a goblin.

Vanquished Creatures
  2 dart slugs
  6 ball pythons
  3 endoplasms
  4 giant cockroaches (D:1)
  3 hobgoblins (D:1)
  A quokka (D:1)
  3 bats (D:1)
  3 frilled lizards
  4 goblins
  3 kobolds
  2 rats
34 creatures vanquished.

Notes
Turn   | Place    | Note
-------+----------+-------------------------------------------
     0 | D:1      | qw the Gargoyle Fighter began the quest for the Orb.
     0 | D:1      | Reached XP level 1. HP: 14/14 MP: 1/1
     0 | D:1      | 0 ||| qw: Version: 0.2-a-103-g5a998e5
     0 | D:1      | 0 ||| qw: Game counter: 1023
     0 | D:1      | 0 ||| qw: Always use a shield: true
     0 | D:1      | 0 ||| qw: God list: Okawaru
     0 | D:1      | 0 ||| qw: Allow faded altars: false
     0 | D:1      | 0 ||| qw: Do Orc after D:15 true
     0 | D:1      | 0 ||| qw: Do second Lair branch before Depths: true
     0 | D:1      | 0 ||| qw: Lair rune preference: random
     0 | D:1      | 0 ||| qw: Plans: Normal, Zot:1-4, Slime:5, God:TSO, Crypt,
                  | Tomb, Pan, Hells, Abyss, Win
     0 | D:1      | 0 ||| PLANNING D:1-11
   106 | D:1      | 106 ||| Stepping ~*~*~tactically~*~*~ (stealth).
   107 | D:1      | 107 ||| Stepping ~*~*~tactically~*~*~ (stealth).
   109 | D:1      | 109 ||| Stepping ~*~*~tactically~*~*~ (stealth).
   114 | D:1      | Reached XP level 2. HP: 19/19 MP: 2/2
   115 | D:1      | 115 ||| Stepping ~*~*~tactically~*~*~ (stealth).
   116 | D:1      | 116 ||| Stepping ~*~*~tactically~*~*~ (stealth).
   261 | D:1      | 261 ||| Stepping ~*~*~tactically~*~*~ (hiding).
   284 | D:1      | Reached skill level 3 in Axes
   398 | D:1      | Reached XP level 3. HP: 19/23 MP: 3/3
   831 | D:1      | 831 ||| UPGRADING to +0 chain mail.
   841 | D:1      | 841 ||| DROPPING +0 scale mail.
   842 | D:1      | 842 ||| READING 3 scrolls labelled JEESHRAHA VI HEOMP.
   847 | D:1      | 847 ||| READING scroll labelled ESTRALITEVE.
   913 | D:2      | 913 ||| Stepping ~*~*~tactically~*~*~ (stealth).
   915 | D:2      | 915 ||| Stepping ~*~*~tactically~*~*~ (stealth).
   920 | D:2      | 920 ||| Stepping ~*~*~tactically~*~*~ (stealth).
   922 | D:2      | 922 ||| Stepping ~*~*~tactically~*~*~ (stealth).
   923 | D:2      | 923 ||| Stepping ~*~*~tactically~*~*~ (stealth).
  1037 | D:2      | Noticed Natasha
  1043 | D:2      | HP: 1/23 [Natasha (7)]
  1044 | D:2      | 1044 ||| READING 2 scrolls of teleportation.
  1045 | D:2      | Slain by Natasha

Levels and vault maps discovered:
D:1:      shiori_shiawase, layout_loops_ring
D:2:      layout_rooms, skrybe_limestone_x, nicolae_figureground_pulse,
          uniq_natasha, uniq_jessica

Skill      XL: |  1  2 |
---------------+-------+-----
Axes           | 2 3 |  3.4
Fighting       | |  3.2
Armour         | |  3.2
Shields        | |  3.2

Action                     || total
---------------------------++-------
  Melee: War axe           ||   114
    Use: Scroll            ||     3
 Armour: Scale mail        ||    57
         Chain mail        ||     6
  Dodge: Dodged            ||    47
  Block: Buckler           ||    23

Table legend:
 A = Non-vault XP
 B = Vault XP
 C = Vault XP percentage of total XP
 D = Non-vault monster count
 E = Vault monster count
 F = Vault count percentage of total count
                 A         B        C        D         E       F
            +---------+---------+-------+---------+---------+-------
      Total |      60 |       0 |   0.0 |      34 |       0 |   0.0
            +---------+---------+-------+---------+---------+-------
        D:1 |      43 |       0 |   0.0 |      25 |       0 |   0.0
        D:2 |      17 |       0 |   0.0 |       9 |       0 |   0.0
            +---------+---------+-------+---------+---------+-------
